cohdb
Replays
Latest Replays
All Replays
Popular Replays
Top Player Replays
Match Explorer
How It Works
Community
CoH3 Stats
Reddit
Sign in to upload your games and track your stats! →
Sign in with Steam
2v2 comeback with 3 point
Match 15593059
Overview
Messages
Build Orders
End
Construct Infanterie Kompanie
Selects Breakthrough Battlegroup
MG 42 Machine Gun Team
MG 42 Machine Gun Team
Selects Assault Grenadiers
Construct Panzergrenadier Kompanie
Panzergrenadier Squad
Panzergrenadier Squad
Panzergrenadier Squad
Pak 40 Anti-tank Gun Team
Selects 2.5-tonne Cargo Truck
Pak 40 Anti-tank Gun Team
Medical Station
Construct Panzer Kompanie
MG 42 Bunker
Stoßtruppen Squad
Selects Blitzkrieg
Panzer IV Medium Tank
Stoßtruppen Squad
Pioneer Squad
Panzer IV Medium Tank
Selects Breakthrough
Selects Incendiary Bombing Run
Incendiary Bombing Run
Panzer IV Medium Tank
Incendiary Bombing Run
Selects Tiger Heavy Tank
Tiger Heavy Tank
Incendiary Bombing Run
Pak 40 Anti-tank Gun Team
Pak 40 Anti-tank Gun Team
Pioneer Squad
Tiger Heavy Tank
Incendiary Bombing Run
Stoßtruppen Squad
Stoßtruppen Squad
Incendiary Bombing Run
Stoßtruppen Squad
Panzer IV Medium Tank
Stoßtruppen Squad
Incendiary Bombing Run
Stoßtruppen Squad
Incendiary Bombing Run
Incendiary Bombing Run
Panzer IV Medium Tank
AI Takeover
SRAF_kndvimpel
SRAF_3acePoH
Vladyslavius
Alexem
0
0
Comments
sign in to comment!
No comments posted yet!